 Dungeon Crawl Stone Soup version 0.30-a0-867-g305f33218d (webtiles) character file.

Game seed: 2131073250710818008

142 domi the Conjurer (level 5, -5/35 HPs)
             Began as a Demonspawn Conjurer on Mar 11, 2023.
             Slain by a black bear (8 damage)
             ... on level 4 of the Dungeon.
             The game lasted 00:04:13 (3665 turns).

domi the Conjurer (Demonspawn Conjurer)             Turns: 3665, Time: 00:04:14

Health: -5/35      AC:  4    Str:  7    XL:     5   Next: 4%
Magic:  0/8        EV: 11    Int: 21    God:
Gold:   164        SH:  4    Dex: 12    Spells: 1/8 levels left

rFire   . . .      SeeInvis .    (no weapon)
rCold   + . .      Faith    .    i - +0 buckler
rNeg    . . .      Spirit   .    a - +0 robe
rPois   .          Reflect  .    e - +2 hat
rElec   .          Rampage  .    (no cloak)
rCorr   .          NoTele   +    (no gloves)
Will    .....                    (no boots)
Stlth   ++                       (no amulet)
HPRegen 0.25/turn                r - ring of protection from cold {rC+}
MPRegen 0.11/turn                (no ring)

@: stuck, slightly contaminated
A: antennae 1, demonic guardian 1
a: no special abilities


You were on level 4 of the Dungeon.
You visited 1 branch of the dungeon, and saw 4 of its levels.

You collected 164 gold pieces.

Inventory:

Missiles
 q - 4 javelins (quivered)
Armour
 a - a +0 robe (worn)
 e - a +2 hat (worn)
   (You found it on level 2 of the Dungeon)
 i - a +0 buckler (worn)
   (You found it on level 1 of the Dungeon)
Jewellery
 j - a ring of fire {rF+, rC-}
   (You found it on level 1 of the Dungeon)
 r - a ring of protection from cold (left hand) {rC+}
   (You found it on level 3 of the Dungeon)
Scrolls
 f - a scroll of noise {unknown}
 h - a scroll of vulnerability {unknown}
 k - 2 scrolls of magic mapping {unknown}
 m - 4 scrolls of amnesia {unknown}
 n - 2 scrolls of enchant armour {unknown}
 t - a scroll of teleportation {unknown}
Potions
 c - 2 potions of ambrosia {unknown}
 d - a potion of heal wounds {unknown}
 g - 2 potions of might
 l - 3 potions of attraction {unknown}
 o - a potion of degeneration {unknown}
 p - a potion of haste {unknown}
 s - 2 potions of brilliance {unknown}


   Skills:
 - Level 1.7 Dodging
 - Level 1.7 Stealth
 + Level 2.2 Shields
 - Level 2.0 Spellcasting
 + Level 5.4 Conjurations
 + Level 1.1 Translocations


You had one spell level left.
You knew the following spells:

 Your Spells              Type           Power      Damage    Failure   Level
c - Iskenderun's Mystic   Conj/Tloc      16%        2d5       45%         4
x - Searing Ray           Conj           48%        2d6       3%          2
z - Magic Dart            Conj           96%        1d7       1%          1

Your spell library contained the following spells:

 Spells                   Type           Power      Damage    Failure   Level
 Momentum Strike          Conj/Tloc      32%        3d8       8%          2
 Blink                    Tloc           14%        N/A       19%         2
 Lesser Beckoning         Tloc           14%        N/A       19%         2
 Dazzling Flash           Conj/Hex       26%        N/A       19%         3
 Fulminant Prism          Conj/Hex       6%         3d7       54%         4


Dungeon Overview and Level Annotations

Branches:
Dungeon (4/15)
 Temple: D:4-7

Altars:
Uskayaw

Annotations:
D:3 3 runed translucent doors, Sleet's ghost, weakling DrIE


Innate Abilities, Weirdness & Mutations

You have a pair of small antennae on your head.
A weak demonic guardian rushes to your aid.


Message History

The hound bites you but does no damage.
Throw: 4 javelins
Aim: a hound (severely wounded, 43% to hit)
You throw a javelin. The javelin pierces through the hound!
You kill the hound!
Your Translocations skill increases to level 1!
You have reached level 5!
Your demonic ancestry asserts itself...
You feel the presence of a demonic guardian.
n - 2 scrolls labelled FIMUQY LULOEMA (gained 1)
q - 4 javelins (gained 1)
You see here a hound corpse.
s - 2 golden potions (gained 1)
Found a stone staircase leading up.
You see here a hound corpse.
An endoplasm comes into view.
An endoplasm is nearby!
An endoplasm is nearby!
Aim: an endoplasm (asleep, 100% to hit)
The magic dart hits the endoplasm.
You kill the endoplasm!
You can't see any susceptible monsters within range! (Use Z to cast anyway.)
You can't see any susceptible monsters within range! (Use Z to cast anyway.)
You can't see any susceptible monsters within range! (Use Z to cast anyway.)
A sourceless malevolence fills the Dungeon... and a teleportation trap spontaneously manifests!
You are yanked towards some nearby monsters!
Your surroundings suddenly seem different.
A quokka, a black bear, a hound, a goblin, a dart slug and a jelly come into view.
Found 2 javelins and 3 scrolls labelled ACOCOB QESYON.
Found a hide-covered altar of Uskayaw.
The goblin shouts!
The jelly quivers.
The hound barks!
The black bear growls angrily.
You hear a shout!
A kobold comes into view. It is wielding a +0 whip.
The goblin hits you but does no damage. The quokka bites you.
There are monsters nearby!
There are monsters nearby!
The spell is extremely dangerous to miscast (45% risk of failure)!
Continue anyway?
Okay, then.
The spell is extremely dangerous to miscast (45% risk of failure)!
Continue anyway?
You miscast Iskenderun's Mystic Blast.
You are very lightly contaminated with residual magic.
You are blasted with magical energy.
The quokka barely misses you. The jelly hits you but does no damage.
The goblin drinks a potion.
The goblin seems to grow stronger.
The spell is extremely dangerous to miscast (45% risk of failure)!
Continue anyway?
You miscast Iskenderun's Mystic Blast.
The floor and the ceiling briefly switch places.
You are magically locked in place.
The hound bites you. The quokka bites you. The dart slug barely misses you.
The hound bites you but does no damage. You block the goblin's attack.
The jelly hits you.
You are splashed with acid!
Unknown command.
You cannot move.
Unknown command.
You cannot move.
Unknown command.
You don't have enough magic to cast this spell.
Magic courses through your body. The hound barely misses you.
You block the quokka's attack.
A quokka comes into view.
You block the jelly's attack. The goblin hits you with a +0 dagger.
The dart slug bites you but does no damage.
Aim: a hound (100% to hit)
Okay, then.
The spell is extremely dangerous to miscast (45% risk of failure)!
Continue anyway?
You miscast Iskenderun's Mystic Blast.
You are lightly contaminated with residual magic.
The world appears momentarily distorted.
You are magically locked in place.
You block the hound's attack. The quokka misses you.
The hound barely misses you. The jelly closely misses you.
The black bear bites you. The black bear barely misses you.
The black bear claws you. The goblin hits you with a +0 dagger.
* * * LOW HITPOINT WARNING * * *
The spell is extremely dangerous to miscast (45% risk of failure)!
Continue anyway?
You erupt in a blast of force!
The mystic blast hits the kobold.
You kill the kobold!
The mystic blast hits the quokka.
The quokka is knocked back by the mystic blast.
The mystic blast hits the black bear!
The black bear is knocked back by the mystic blast.
The black bear slams into the granite statue!
The mystic blast hits the hound.
The hound is knocked back by the mystic blast.
The hound slams into the granite statue!
The mystic blast hits the goblin but does no damage.
The mystic blast hits the dart slug!
The dart slug is knocked back by the mystic blast.
The mystic blast hits the jelly.
The jelly is knocked back by the mystic blast.
The hound bites you.
* * * LOW HITPOINT WARNING * * *
A demonic guardian appears!
The goblin hits you with a +0 dagger.
* * * LOW HITPOINT WARNING * * *
Unknown command.
You cannot move.
Unknown command.
The black bear bites you!
You die...

. . .. .#
###### #.#
#.....#..##
##.........#
.....8.8.w.#
#......h..(#
...8.5.@g8.#
_.......h..#
...8.J.r)8.#
#..........#
.....8.8r...#
##.....?....#
#..###.###.#
#.. #.. .#


You could see a black bear, a hound (ally target), a jelly, a dart slug, 2
quokkas, a goblin (strong) and a friendly iron imp (summoned).

Vanquished Creatures
  A hound (D:4)
  An iguana (D:4)
  3 adders
  A dart slug (D:2)
  5 ball pythons
  6 endoplasms
  5 giant cockroaches
  4 goblins
  8 hobgoblins
  7 kobolds
  3 quokkas
  4 bats
  3 frilled lizards
  7 rats
58 creatures vanquished.

Notes
Turn   | Place    | Note
-------+----------+-------------------------------------------
     0 | D:1      | domi the Demonspawn Conjurer began the quest for the Orb.
     0 | D:1      | Reached XP level 1. HP: 13/13 MP: 3/3
     5 | D:1      | You fall into a shaft and drop 1 floor!
   344 | D:2      | Gained mutation: You have a pair of small antennae on your
                  | head. [demonic ancestry]
   344 | D:2      | Reached XP level 2. HP: 19/19 MP: 1/5
   775 | D:1      | Learned a level 2 spell: Searing Ray
  1286 | D:1      | Reached XP level 3. HP: 24/24 MP: 1/6
  1416 | D:1      | Reached skill level 1 in Shields
  2228 | D:2      | Reached skill level 5 in Conjurations
  2270 | D:2      | Found a faded altar of an unknown god.
  2595 | D:2      | Reached XP level 4. HP: 30/30 MP: 3/7
  2637 | D:2      | Learned a level 4 spell: Iskenderun's Mystic Blast
  2780 | D:3      | Found a runed translucent gate.
  2780 | D:3      | Found a runed translucent gate.
  2780 | D:3      | Found a runed translucent gate.
  2809 | D:3      | Noticed Sleet's ghost (weakling DrIE)
  3488 | D:4      | HP: 6/30 [iguana (7)]
  3490 | D:4      | Reached skill level 2 in Shields
  3599 | D:4      | Reached skill level 1 in Translocations
  3599 | D:4      | Gained mutation: A weak demonic guardian rushes to your
                  | aid. [demonic ancestry]
  3599 | D:4      | Reached XP level 5. HP: 34/35 MP: 4/8
  3659 | D:4      | Found a hide-covered altar of Uskayaw.
  3659 | D:4      | Noticed a black bear
  3664 | D:4      | HP: 4/35 [hound (5)]
  3665 | D:4      | Slain by a black bear

Illustrated notes

Levels and vault maps discovered:
D:1:      tarquinn_simple_flora_water_f, layout_basic, kennysheep_nondescript,
          minmay_hexomino_f4
D:2:      layout_basic, hellmonk_ecumenical_altar_zigzags
D:3:      cheibrodos_old_hovel, layout_loops_ring, gammafunk_ghost_icy,
          chequers_serial_rivers_small_3
D:4:      layout_basic, nicolae_uskayaw_dance_hall,
          mainiacjoe_overflow_catch_the_wave, overflow_temple_1_default,
          serial_shops, shop

Skill      XL: |  1  2  3  4 |
---------------+-------------+-----
Shields        | 1 2 |  2.2
Conjurations   | 5 |  5.4
Translocations | 1 |  1.1
Dodging        | |  1.7
Stealth        | |  1.7
Spellcasting   | |  2.0

Action                     |  1- 3 |  4- 6 || total
---------------------------+-------+-------++-------
  Melee: Unarmed           |    16 |       ||    16
  Throw: Javelin           |       |     2 ||     2
   Cast: Magic Dart        |   101 |    26 ||   127
         Iskenderun's Myst |       |     1 ||     1
    Use: Potion            |       |     1 ||     1
 Armour: Robe              |     7 |     6 ||    13
  Dodge: Dodged            |    26 |     8 ||    34
  Block: Buckler           |       |     4 ||     4

Table legend: (Time is in decaauts)
 A = Elapsed time spent in this place.
 B = Non-inter-level travel time spent in this place.
 C = Inter-level travel time spent in this place.
 D = Time resting spent in this place.
 E = Time spent auto-exploring this place.
 F = Levels seen in this place.
 G = Mean time per level.
                   A        B        C        D        E       F      G
               +--------+--------+--------+--------+--------+-----+--------+
         Total |   3669 |   3595 |     74 |    242 |   2989 |   4 |  917.2 |
       Dungeon |   3669 |   3595 |     74 |    242 |   2989 |   4 |  917.2 |
               +--------+--------+--------+--------+--------+-----+--------+

Top non-repeatable levels by time:
     D:1: 1461 daAuts
     D:2: 1207 daAuts
     D:3: 660 daAuts
     D:4: 339 daAuts

Table legend:
 A = Kills in this place as a percentage of kills in the entire game.
 B = Kills by you in this place as a percentage of kills by you in the entire game.
 C = Kills by friends in this place as a percentage of kills by friends in the entire game.
 D = Other kills in this place as a percentage of other kills in the entire game.
 E = Experience gained in this place as a percentage of experience gained in the entire game.
 F = Experience gained in this place divided by the number of levels of this place that you have seen.
                   A       B       C       D       E      F
               +-------+-------+-------+-------+-------+----------------------
         Total | 100.0 | 100.0 |   N/A |   N/A | 100.0 |  51.0
       Dungeon | 100.0 | 100.0 |   N/A |   N/A | 100.0 |  51.0
               +-------+-------+-------+-------+-------+----------------------
